 Dungeon Crawl Stone Soup version 0.30.1-11-g7821555f0a (webtiles) character file.

Game seed: 2101759901159474596

79 booth the Ruffian (level 4, -5/45 HPs)
             Began as a Troll Fighter on Dec 4, 2023.
             Slain by Blork the orc
             ... wielding a +3 dire flail of protection
              (10 damage)
             ... on level 4 of the Dungeon.
             The game lasted 00:13:42 (2381 turns).

booth the Ruffian (Troll Fighter)                   Turns: 2381, Time: 00:13:43

Health: -5/45      AC:  4    Str: 24    XL:     4   Next: 16%
Magic:  0/3        EV:  9    Int:  4    God:
Gold:   223        SH:  8    Dex: 11    Spells: 3/3 levels left

rFire   + .          .
                       - Unarmed
rCold   . . .        b - +0 kite shield
rNeg    + . .        a - +0 robe
rPois   .            (helmet restricted)
rElec   .            (no cloak)
rCorr   .            (gloves unavailable)
SInv    .            (boots unavailable)
Will    .....        i - amulet "Ziemyth" {Spirit rF+ rN+ Str-2 Dex+2}
Stlth   +            (no ring)
HPRegen 1.07/turn    (no ring)
MPRegen 0.08/turn

%: guardian spirit
@: mighty
A: large, unfitting armour, claws 3, regeneration 1, shaggy fur 1, tough skin 1
a: no special abilities


You were on level 4 of the Dungeon.
You visited 1 branch of the dungeon, and saw 4 of its levels.

You collected 223 gold pieces.

Inventory:

Hand Weapons
 e - a +1 vampiric demon blade
 g - a +0 mace of chaos
Armour
 a - a +0 robe (worn)
 b - a +0 kite shield (worn)
Jewellery
 i - the amulet "Ziemyth" (around neck) {Spirit rF+ rN+ Str-2 Dex+2}
   (You found it on level 2 of the Dungeon)

   [amulet of guardian spirit]

   It causes incoming damage to be divided between your reserves of health and
   magic.
   Str:       It affects your strength (-2).
   Dex:       It affects your dexterity (+2).
   rF:        It protects you from fire.
   rN:        It protects you from negative energy.
 m - an amulet of magic regeneration
Scrolls
 d - a scroll of teleportation
 h - a scroll of fear
 k - a scroll of torment {unknown}
 l - a scroll of silence
Potions
 f - a potion of flight
 j - a potion of degeneration {unknown}
 n - 2 potions of curing {unknown}


   Skills:
 + Level 3.0 Fighting
 - Level 2.4 Dodging
 - Level 2.7 Shields
 * Level 3.8 Unarmed Combat


You had 3 spell levels left.
You didn't know any spells.
Your spell library was empty.

Dungeon Overview and Level Annotations

Branches:
Dungeon (4/15)
 Temple: D:4-7

Altars:

Annotations:
D:4 Blork the orc


Innate Abilities, Weirdness & Mutations

You are too large for most types of armour.
You have claws for hands.
Your natural rate of healing is unusually fast.
You are covered in fur. (AC +1)
You have tough skin. (AC +1)


Message History

Unknown command.
Things that are here:
a +0 club; a goblin corpse
Found a scroll of silence.
Found 12 gold pieces.
Found 10 gold pieces.
l - a scroll of silence Blork the orc comes into view.
He is wielding a +3 dire flail of protection.
Found 17 gold pieces.
Blork the orc shouts!
Blork the orc gestures at you while chanting.
The magic dart hits you.
You closely miss Blork the orc.
Blork the orc gestures at you while chanting.
The magic dart hits you!
You claw Blork the orc!
Blork the orc is moderately wounded.
Blork the orc hits you with a +3 dire flail of protection!
You scratch Blork the orc.
Blork the orc is moderately wounded.
Blork the orc hits you with a +3 dire flail of protection.
Okay, then.
You feel very mighty all of a sudden.
Blork the orc hits you with a +3 dire flail of protection!
* * * LOW HITPOINT WARNING * * *
You claw Blork the orc!
Blork the orc is severely wounded.
Blork the orc hits you with a +3 dire flail of protection!
* * * LOW HITPOINT WARNING * * *
You closely miss Blork the orc.
Blork the orc is severely wounded.
Blork the orc hits you with a +3 dire flail of protection.
* * * LOW HITPOINT WARNING * * *
You scratch Blork the orc but do no damage.
Blork the orc is severely wounded.
You block Blork the orc's attack.
You closely miss Blork the orc.
Blork the orc is severely wounded.
Blork the orc hits you with a +3 dire flail of protection!
You die...

#..##.........##
#.#............###
#................##
..................##
...................#
..................##
..................#
.................##
................@#
...............o###
................$.#
.....................#
##...................$.
#..........##..$.o...
##.......#####...... #.
...# ##.... ... #...


You could see Blork the orc.

Vanquished Creatures
  An adder (D:3)
  2 worms (D:2)
  2 dart slugs
  4 orcs (D:3)
  2 ball pythons
  2 bats
  5 endoplasms
  2 giant cockroaches (D:3)
  9 hobgoblins
  2 jackals (D:2)
  2 kobolds (D:1)
  4 quokkas
  A frilled lizard (D:3)
  4 goblins
  8 rats
50 creatures vanquished.

Notes
Turn   | Place    | Note
-------+----------+-------------------------------------------
     0 | D:1      | booth the Troll Fighter began the quest for the Orb.
     0 | D:1      | Reached XP level 1. HP: 22/22 MP: 0/0
   132 | D:1      | Reached XP level 2. HP: 29/29 MP: 1/1
   933 | D:2      | Identified the amulet "Ziemyth" {Spirit rF+ rN+ Str-2
                  | Dex+2}
  1100 | D:2      | Reached XP level 3. HP: 36/36 MP: 2/2
  1954 | D:3      | Noticed an eye of devastation
  1957 | D:3      | Found a faded altar of an unknown god.
  1959 | D:3      | Noticed an eye of devastation
  1960 | D:3      | Noticed a golden eye
  1960 | D:3      | Noticed a shining eye
  2112 | D:3      | Reached XP level 4. HP: 38/45 MP: 1/3
  2279 | D:4      | Noticed an ogre
  2365 | D:4      | Noticed Blork the orc
  2381 | D:4      | Slain by Blork the orc

Illustrated notes

Levels and vault maps discovered:
D:1:      eino_arrival_cavern_e, layout_basic, kennysheep_boxes
D:2:      layout_loops_ring, guppyfry_early_lair_pool
D:3:      layout_rooms, hellmonk_ecumenical_altar_watching_god
D:4:      layout_cave_pods, uniq_blork_the_orc

Skill      XL: |  1  2  3 |
---------------+----------+-----
Unarmed Combat | 3 |  3.8
Fighting       | 3 |  3.0
Dodging        | |  2.4
Shields        | |  2.7

Action                     |  1- 3 |  4- 6 || total
---------------------------+-------+-------++-------
  Melee: Unarmed           |   117 |    12 ||   129
    Use: Scroll            |     5 |       ||     5
         Potion            |     2 |     2 ||     4
   Stab: Invisible         |     1 |       ||     1
         Sleeping          |     1 |       ||     1
 Armour: Robe              |    18 |       ||    18
  Dodge: Dodged            |    29 |     1 ||    30
  Block: Kite shield       |    27 |     2 ||    29
